 Dungeon Crawl Stone Soup version 0.29-a0-322-g68df515428 (webtiles) character file.

Game seed: 12574777449815419528

66 GigaChad the Skirmisher (level 3, -3/29 HPs)
             Began as a Draconian Chaos Knight on Apr 7, 2022.
             Was a Plaything of Xom.
             Slain by a goblin
             ... wielding a +0 dagger
             ... led by Robin
              (5 damage)
             ... on level 2 of the Dungeon.
             The game lasted 00:04:20 (1332 turns).

GigaChad the Skirmisher (Draconian Chaos Knight)    Turns: 1332, Time: 00:04:20

Health: -3/29      AC:  5    Str: 14    XL:     3   Next: 96%
Magic:  3/3        EV: 12    Int: 12    God:    Xom [*.....]
Gold:   98         SH:  0    Dex: 12    Spells: 2/2 levels left

rFire   . . .      SeeInvis +   a - +0 falchion (chaos)
rCold   . . .      Faith    .   (no shield)
rNeg    . . .      Spirit   .   (body armour unavailable)
rPois   .          Reflect  .   (helmet restricted)
rElec   .          Harm     .   (no cloak)
rCorr   .          Rampage  .   (no gloves)
Will    .....                   (no boots)
Stlth   +.........              (no amulet)
HPRegen 0.09/turn               e - ring of see invisible
MPRegen 0.08/turn               (no ring)

@: no status effects
A: AC +5, unfitting armour, cold-blooded, deterioration 1, frail 1
a: Renounce Religion


You were on level 2 of the Dungeon.
You worshipped Xom.
You were a special plaything of Xom.
You visited 1 branch of the dungeon, and saw 2 of its levels.

You collected 98 gold pieces.

Inventory:

Hand Weapons
 a - a +0 falchion of chaos (weapon)
Jewellery
 e - a ring of see invisible (left hand)
Scrolls
 c - a scroll of magic mapping {unknown}
 f - a scroll of silence {unknown}
 i - a scroll of identify {unknown}
 j - a scroll of immolation {unknown}
Potions
 d - a potion of degeneration {unknown}
 g - a potion of attraction {unknown}
 h - a potion of lignification {unknown}
 k - a potion of brilliance {unknown}
 l - a potion of invisibility {unknown}
Miscellaneous
 b - a piece from Xom's chessboard (15/15) (quivered)


   Skills:
 + Level 3.9 Fighting
 + Level 3.9 Long Blades
 + Level 2.8 Dodging
 + Level 0.2 Stealth


You had 2 spell levels left.
You didn't know any spells.
Your spell library contained the following spells:

 Spells                   Type           Power      Damage    Failure   Level
 Foxfire                  Conj/Fire      0%         2x1d4     32%         1
 Poisonous Vapours        Pois/Air       0%         N/A       45%         2
 Conjure Flame            Conj/Fire      0%         6-21      69%         3
 Inner Flame              Hex/Fire       0%         N/A       69%         3
 Spider Form              Tmut/Pois      0%         N/A       69%         3
 Flame Wave               Conj/Fire      0%         2d4       97%         4
 Olgreb's Toxic Radiance  Pois           0%         N/A       97%         4
 Alistair's Intoxication  Tmut/Pois      0%         N/A       100%        5


Dungeon Overview and Level Annotations

Branches:
Dungeon (2/15)

Altars:


Innate Abilities, Weirdness & Mutations

Your plain brown scales are hard. (AC +5)
You cannot fit into any form of body armour.
You are cold-blooded and may be slowed by cold attacks.
Your body sometimes deteriorates upon taking damage.
You are frail. (-10% HP)


Message History

The goblin barely misses you. The goblin hits you but does no damage.
You closely miss the goblin.
The goblin is severely wounded.
The goblin hits you with a +0 club.
* * * LOW HITPOINT WARNING * * *
The goblin hits you with a +0 dagger.
* * * LOW HITPOINT WARNING * * *
You miss the goblin.
The goblin is severely wounded.
Xom's power brushes against you for a moment.
Your body is suffused with distortional energy.
You feel frail.
You feel yourself wasting away. The goblin hits you but does no damage.
The goblin closely misses you.
You hit the goblin.
You kill the goblin!
The goblin hits you but does no damage.
You hit Robin. You burn Robin.
Robin is heavily wounded.
The goblin closely misses you. Robin barely misses you.
You hit Robin. You tail-slap Robin.
Robin is almost dead.
The goblin no longer looks unusually strong.
The goblin hits you with a +0 dagger.
* * * LOW HITPOINT WARNING * * *
Robin roars a battlecry!
The goblin goes into a battle-frenzy!
You slash Robin!
You feel better.
You kill Robin!
The goblin closely misses you.
You barely miss the hobgoblin.
The hobgoblin no longer looks unusually strong.
The goblin hits you with a +0 dagger.
* * * LOW HITPOINT WARNING * * *
The hobgoblin barely misses you.
You closely miss the hobgoblin. The hobgoblin closely misses you.
The goblin hits you but does no damage.
You hit the hobgoblin. You burn the hobgoblin.
The hobgoblin is moderately wounded.
The hobgoblin misses you. The goblin hits you with a +0 dagger.
You die...

#.# #.# #.#
#.# #.# #.#
#g# #@# #g#
##.##
#######...##
...........#
#######....#
##.#.#
####.#.#
######......#


You could see a hobgoblin and a goblin (strong).

Vanquished Creatures
  Robin (D:2)
  An adder (D:2)
  A dart slug (D:1)
  3 endoplasms
  6 giant cockroaches
  5 goblins
  3 hobgoblins
  9 jackals (D:1)
  A bat (D:1)
  3 frilled lizards (D:1)
  2 kobolds (D:1)
  4 rats (D:1)
39 creatures vanquished.

Notes
Turn   | Place    | Note
-------+----------+-------------------------------------------
     0 | D:1      | GigaChad the Draconian Chaos Knight began the quest for the
                  | Orb.
     0 | D:1      | Reached XP level 1. HP: 19/19 MP: 1/1
   125 | D:1      | Reached XP level 2. HP: 18/26 MP: 2/2
   528 | D:1      | Reached XP level 3. HP: 10/33 MP: 3/3
  1062 | D:2      | XOM: god gift: Xom's Volume of the Stork {god gift}
  1063 | D:2      | Got Xom's Volume of the Stork {god gift}
  1240 | D:2      | XOM: give mutations
  1240 | D:2      | Gained mutation: Your muscles are strong. (Str +2) [Xom's
                  | mischief]
  1240 | D:2      | Lost mutation: Your muscles are strong. (Str +2) [Xom's
                  | mischief]
  1311 | D:2      | Noticed Robin
  1325 | D:2      | XOM: give mutations
  1325 | D:2      | Gained mutation: You are frail. (-10% HP) [Xom's mischief]
  1325 | D:2      | Gained mutation: Your body sometimes deteriorates upon
                  | taking damage. [Xom's mischief]
  1329 | D:2      | Killed Robin
  1332 | D:2      | Slain by a goblin

Illustrated notes

Levels and vault maps discovered:
D:1:      minmay_arrival_three_doors, layout_basic
D:2:      layout_loops_ring, dreamdust_ecumenical_altar_sealed_demon,
          minmay_between, uniq_robin, uniq_natasha

Action                   || total
-------------------------++-------
Melee: Falchion          ||   124
       Tailslap          ||     9
       Punch             ||     1
Evoke: Piece from Xom's  ||     1
 Stab: Petrified         ||     3
Armor: Skin              ||    73
Dodge: Dodged            ||   126

Table legend: (Time is in decaauts)
 A = Elapsed time spent in this place.
 B = Non-inter-level travel time spent in this place.
 C = Inter-level travel time spent in this place.
 D = Time resting spent in this place.
 E = Time spent auto-exploring this place.
 F = Levels seen in this place.
 G = Mean time per level.
                   A        B        C        D        E       F      G
               +--------+--------+--------+--------+--------+-----+--------+
         Total |   1347 |   1347 |      0 |    184 |    385 |   2 |  673.5 |
       Dungeon |   1347 |   1347 |      0 |    184 |    385 |   2 |  673.5 |
               +--------+--------+--------+--------+--------+-----+--------+

Top non-repeatable levels by time:
     D:1: 1021 daAuts
     D:2: 325 daAuts
